Map: Submarine LE

Players

Cham - Winner!

  • Race: Zerg Zerg
  • League: Grandmaster
  • Spawn Location: 11:00

Kelazhur

  • Race: Terran Terran
  • League: Master
  • Spawn Location: 5:00

Event: DreamHack SC2 Masters 2020 Fall

VOD

Have the link to the VOD?

Description

Time

  • Played on: Aug. 26, 2020, 4:54 p.m.
  • Length: 7:44

All games in this series

Show
View Real Time Build Order
Export as new Build Order

Cham Zerg - Winner!

Build Orders: Hatch First 

Get SALT Encoding   

  12  0:00  Drone  
  13  0:08  Drone  
  14  0:21  Overlord  
  14  0:22  Extractor  
  14  0:23  Drone  
  15  0:39  Drone  
  15  0:40  Drone  
  17  0:53  Hatchery  
  17  0:56  Drone  
  17  1:02  Drone  
  18  1:14  Extractor  
  18  1:15  Spawning Pool  
  16  1:19  Drone  
  16  1:22  Drone  
  18  1:27  Drone  
  19  1:38  Drone  
  20  1:52  Overlord  
  20  2:04  Queen  
  20  2:05  Queen  
  20  2:07  Zergling x4  
  26  2:14  Metabolic Boost  
  26  2:18  Overlord  
  26  2:34  Hatchery  
  24  2:38  Drone  
  24  2:40  Drone  
  25  2:45  Zergling x4  
  25  2:48  Zergling x2  
  28  2:53  Zergling x4  
  30  3:01  Queen  
  30  3:02  Zergling x2  
  30  3:05  Zergling x2  
  34  3:10  Zergling x2  
  35  3:16  Zergling x6  
  37  3:23  Zergling x2  
  37  3:29  Zergling x2  
  37  3:30  Queen  
  37  3:33  Zergling x2  
  40  3:39  Zergling x2  
  41  3:47  Zergling x4  
  43  3:49  Queen  
  43  3:53  Overlord  
  43  3:54  Drone  
  46  3:58  Zergling x2  
  47  4:05  Drone  
  47  4:06  Zergling x2  
  49  4:18  Zergling x4  
  49  4:21  Zergling x6  
  49  4:28  Drone x5  
  49  4:29  Drone x2  
  54  4:33  Drone  
  55  4:39  Drone  
  55  4:42  Drone  
  57  4:47  Overlord  
  57  4:48  Overlord  
  57  5:06  Drone  
  57  5:07  Drone x5  
  62  5:13  Drone x6  
  68  5:15  Drone x3  
  68  5:18  Drone  
  68  5:19  Drone x2  
  74  5:24  Overlord  
  74  5:30  Overlord x2  
  74  5:35  Baneling Nest  
  72  5:36  Extractor  
  72  5:37  Evolution Chamber  
  72  5:38  Evolution Chamber  
  72  5:40  Drone x3, Extractor  
  72  5:41  Drone  
  73  5:44  Drone  
  73  5:47  Drone  
  73  5:48  Drone x2  
  73  5:49  Drone x2  
  79  5:52  Drone  
  79  5:53  Drone  
  79  5:54  Drone x2  
  79  5:55  Drone  
  84  6:06  Drone  
  84  6:07  Drone x2  
  84  6:09  Extractor, Overlord  
  86  6:13  Overlord  
  86  6:14  Extractor x2  
  83  6:22  Drone x6  
  86  6:28  Hatchery  
  86  6:30  Lair  
  85  6:33  Drone x3  
  88  6:40  Zergling x2  
  88  6:41  Zergling x8  
  88  6:46  Zergling x6  
  96  6:49  Drone  
  96  6:50  Overlord, Baneling Nest  
  96  6:52  Zergling x2  
  96  6:53  Zergling x4  
  99  6:58  Zergling x8  
  103  7:03  Zergling x2  
  104  7:09  Zergling x10  
  104  7:13  Zergling x2  
  110  7:25  Zergling x8  
Show
View Real Time Build Order
Export as new Build Order

Kelazhur Terran 

Build Orders:  

Get SALT Encoding   

  12  0:00  SCV  
  13  0:12  SCV  
  14  0:19  Supply Depot  
  14  0:24  SCV  
  15  0:40  SCV  
  15  0:41  Barracks  
  16  0:44  Refinery  
  16  0:52  SCV  
  17  0:59  Barracks  
  17  1:04  SCV  
  18  1:16  SCV  
  19  1:19  Barracks  
  19  1:27  Reaper  
  19  1:30  Refinery  
  20  1:41  Orbital Command  
  20  1:46  Reaper  
  21  1:53  Supply Depot  
  21  2:00  Reaper  
  22  2:08  Reaper  
  23  2:15  SCV  
  24  2:18  Reaper  
  24  2:20  Supply Depot  
  25  2:32  Reaper  
  25  2:33  SCV  
  27  2:41  Reaper  
  28  2:45  SCV  
  28  2:50  Reaper  
  30  2:57  SCV  
  31  3:04  Reaper  
  32  3:08  Command Center  
  32  3:09  SCV  
  33  3:13  Reaper  
  34  3:22  SCV, Reaper  
  35  3:28  Supply Depot  
  35  3:34  SCV  
  36  3:36  Reaper  
  37  3:45  Reaper  
  37  3:46  SCV  
  39  3:55  Reaper  
  39  3:59  Command Center  
  39  4:01  SCV  
  41  4:09  Reaper  
  42  4:13  SCV  
  38  4:25  Reaper  
  38  4:28  SCV, Reaper  
  38  4:30  Orbital Command  
  35  4:40  SCV  
  35  4:41  Reaper  
  35  4:42  Barracks  
  37  4:45  Barracks  
  38  4:52  SCV  
  38  4:56  SCV  
  38  4:59  Barracks Tech Lab  
  39  5:01  Marine  
  39  5:04  SCV  
  41  5:08  SCV  
  41  5:17  SCV, Marine x2  
  41  5:18  Orbital Command, Stimpack  
  41  5:19  Marine  
  41  5:21  SCV  
  43  5:27  Factory  
  43  5:28  Engineering Bay x2  
  43  5:29  SCV  
  43  5:33  SCV  
  45  5:36  Marine x3  
  45  5:37  Marine  
  45  5:38  Marine  
  45  5:41  SCV  
  51  5:45  SCV  
  51  5:49  Refinery  
  52  5:50  Refinery, SCV  
  52  5:53  SCV  
  52  5:54  Marine x2  
  56  5:57  SCV, Marine  
  56  6:00  Barracks Reactor  
  56  6:02  SCV  
  59  6:05  SCV  
  59  6:08  Supply Depot  
  59  6:10  SCV  
  61  6:14  SCV  
  61  6:16  Starport, Factory Reactor  
  61  6:17  SCV  
  61  6:18  Marine  
  63  6:25  Orbital Command  
  62  6:33  SCV x2  
  62  6:34  Barracks  
  62  6:35  Barracks  
  62  6:37  Barracks, Marine x5  
  69  6:42  Supply Depot  
  69  6:45  SCV x2  
  71  6:52  Armory, SCV  
  72  6:57  Barracks Reactor  
  72  6:58  Barracks Reactor x2  
  72  6:59  Factory Reactor, Marine x3  
  72  7:01  SCV x2  
  76  7:04  SCV  
  76  7:08  Supply Depot  
  78  7:13  SCV  
  82  7:18  Marine x3  
  82  7:20  SCV x2, Supply Depot x2  
  87  7:25  SCV  

Tags
 
Add a new tag
Caveats
  • Supply blocks, unpowered buildings, or Contaminate may cause inaccurate times.
  • Supply counts are checked every 10 seconds.